 Dungeon Crawl Stone Soup version 0.30-a0-802-gb92711bcdf (webtiles) character file.

Game seed: 12573508805722930691

233 jlumianski the Trooper (level 5, -1/42 HPs)
             Began as a Demonspawn Fighter on Feb 24, 2023.
             Killed from afar by Blork the orc (10 damage)
             ... with a bolt of dispelling energy
             ... on level 4 of the Dungeon.
             The game lasted 00:12:39 (2433 turns).

jlumianski the Trooper (Demonspawn Fighter)         Turns: 2433, Time: 00:12:40

Health: -1/42      AC: 11    Str: 19    XL:     5   Next: 74%
Magic:  5/5        EV:  1    Int:  9    God:
Gold:   91         SH: 17    Dex: 12    Spells: 4/4 levels left

rFire   . . .      SeeInvis .    w - +8 trident of the Octopus King {venom, rElec rPois}
rCold   . . .      Faith    .    t - +0 tower shield
rNeg    . . .      Spirit   .    k - +0 plate armour
rPois   +          Reflect  +    (no helmet)
rElec   +          Harm     .    (no cloak)
rCorr   .          Rampage  .    (no gloves)
Will    .....                    (no boots) Stlth
                                 f - amulet of reflection
HPRegen 0.27/turn                (no ring)
MPRegen 0.09/turn                (no ring)

@: no status effects
A: demonic guardian 1, powered by death 1
a: no special abilities


You were on level 4 of the Dungeon.
You visited 1 branch of the dungeon, and saw 4 of its levels.

You collected 295 gold pieces.
You spent 204 gold pieces at shops.

Inventory:

Hand Weapons
 a - a +0 war axe
 n - the +5 consecrated labrys {holy, Valiant Fragile Fly SInv}
   (You found it on level 2 of the Dungeon)

   Valiant:   It becomes more powerful as more dangerous foes come into view.
   SInv:      It lets you see invisible.
   Fly:       It grants you flight.
   Fragile:   It will be destroyed if unequipped.
 o - a +2 hand axe of flaming
 w - the +8 trident of the Octopus King (weapon) {venom, rElec rPois}
   (You found it on level 3 of the Dungeon)

   rElec:     It insulates you from electricity.
   rPois:     It protects you from poison.
Missiles
 e - 40 stones
 p - 3 poisoned darts (quivered)
Armour
 b - a +0 scale mail
 c - a +0 buckler
 k - a +0 plate armour (worn)
 t - a +0 tower shield (worn)
Jewellery
 f - an amulet of reflection (around neck)
Scrolls
 h - a scroll of blinking {unknown}
 i - a scroll of noise {unknown}
 j - a scroll of magic mapping {unknown}
 l - a scroll of identify {unknown}
 m - a scroll of enchant armour {unknown}
 v - a scroll of brand weapon {unknown}
Potions
 d - a potion of might
 g - 4 potions of curing
 q - 2 potions of heal wounds {unknown}
 r - a potion of resistance {unknown}
 s - 2 potions of brilliance {unknown}
 u - a potion of mutation
 x - a potion of cancellation {unknown}


   Skills:
 + Level 3.8 Fighting
 - Level 3.2(3.7) Axes
 * Level 2.5(3.3) Polearms
 + Level 3.1 Armour
 + Level 0.4 Dodging
 + Level 3.2 Shields


You had 4 spell levels left.
You didn't know any spells.
Your spell library was empty.

Dungeon Overview and Level Annotations

Branches:
Dungeon (4/15)
 Temple: D:4-7

Altars:

Shops:
D:1 [   D:3 !

Annotations:
D:4 Blork the orc


Innate Abilities, Weirdness & Mutations

A weak demonic guardian rushes to your aid.
You regenerate a little health from kills.


Message History

You hit the hound.
The hound is poisoned.
The hound is lightly wounded.
You kill the kobold!
You block the hound's attack. x2; The hound bites you but does no damage.
You puncture the hound!
The hound is almost dead.
You block the hound's attack. x2
You puncture the hound!
You kill the hound!
You see here a hound corpse.
You completely miss the dart slug. You block the dart slug's attack.
You puncture the dart slug!
The dart slug is poisoned.
The dart slug is almost dead.
You kill the dart slug!
You see here a hound corpse.
Blork the orc comes into view.
He is wielding a +0 trident and carrying a wand of quicksilver (8).
Blork the orc shouts!
Blork the orc zaps a wand.
The bolt of dispelling energy hits you!
Blork the orc zaps a wand.
The bolt of dispelling energy hits you!
You feel better.
Reach: w) +8 trident of the Octopus King {venom, rElec rPois}
Press: ? - help, Dir - move target, f - Blork the orc
Aim: Blork the orc, wielding a +0 trident, wearing a +0 robe and carrying a wand of quicksilver (6) (about 30% to evade the +8 trident of the Octopus King)
You reach to attack!
You barely miss Blork the orc.
Blork the orc zaps a wand.
The bolt of dispelling energy hits you!
You feel better.
Blork the orc hits you from afar with a +0 trident!
You feel very mighty all of a sudden. You block Blork the orc's attack.
Blork the orc zaps a wand.
The bolt of dispelling energy hits you!
Your magical effects are unravelling.
* * * LOW HITPOINT WARNING * * *
A demonic guardian appears!
The bolt of dispelling energy hits your white imp!!
Your white imp dies!
Your white imp disappears in a puff of smoke!
You barely miss Blork the orc.
You feel a little less mighty now.
Blork the orc zaps a wand.
The bolt of dispelling energy hits you!
You die...

...... .. ....####...#
#.. ....#......##..
####........ .#...
#.........###....
.........#....
#..........#
#........o.# ...
##.†).....@.#.###
......#.........§.......
...............[........
..............##.......#
.##...........##......##
.####...................
..####..................
.....#..................
.......................


You could see Blork the orc.

Vanquished Creatures
  A hound (D:4)
  Natasha (D:3)
  3 orc wizards
  An adder (D:4)
  A worm (D:1)
  5 dart slugs
  9 orcs
  5 bats
  5 endoplasms
  4 giant cockroaches
  6 hobgoblins
  4 jackals
  5 quokkas
  A ball python (D:2)
  4 frilled lizards
  3 goblins
  8 kobolds
  6 rats
72 creatures vanquished.

Vanquished Creatures (others)
  5 toadstools (D:1)
5 creatures vanquished.

Grand Total: 77 creatures vanquished

Notes
Turn   | Place    | Note
-------+----------+-------------------------------------------
     0 | D:1      | jlumianski the Demonspawn Fighter began the quest for the
                  | Orb.
     0 | D:1      | Reached XP level 1. HP: 18/18 MP: 1/1
   147 | D:1      | Found Orus's Antique Armour Shoppe.
   169 | D:1      | Gained mutation: A weak demonic guardian rushes to your
                  | aid. [demonic ancestry]
   169 | D:1      | Reached XP level 2. HP: 20/24 MP: 2/2
   468 | D:1      | Reached XP level 3. HP: 29/29 MP: 3/3
   892 | D:2      | Found the +5 consecrated labrys {holy, Valiant Fragile Fly
                  | SInv}
  1658 | D:3      | Noticed Natasha
  1665 | D:3      | Killed Natasha
  1666 | D:3      | Gained mutation: You regenerate a little health from kills.
                  | [demonic ancestry]
  1666 | D:3      | Reached XP level 4. HP: 30/35 MP: 4/4
  1792 | D:3      | Found Xoaps's Distillery.
  1802 | D:3      | Bought a potion of curing for 36 gold pieces
  1802 | D:3      | Bought a potion of curing for 36 gold pieces
  1802 | D:3      | Bought a potion of curing for 36 gold pieces
  1802 | D:3      | Bought a potion of mutation for 96 gold pieces
  2002 | D:3      | Found the +8 trident of the Octopus King {venom, rElec
                  | rPois}
  2352 | D:4      | Reached skill level 1 in Polearms
  2352 | D:4      | Reached XP level 5. HP: 42/42 MP: 5/5
  2424 | D:4      | Noticed Blork the orc
  2433 | D:4      | Killed from afar by Blork the orc

Illustrated notes

Levels and vault maps discovered:
D:1:      ldierk_walled_garden, layout_rooms, serial_shops,
          nicolae_shop_crystal, minmay_tetromino_i4
D:2:      layout_basic, minmay_misc_feat_encased
D:3:      layout_basic, serial_shops, nicolae_shop_crystal, uniq_natasha
D:4:      layout_cave_pools, mainiacjoe_overflow_chevrons, uniq_blork_the_orc

Skill      XL: |  1  2  3  4  5 |
---------------+----------------+-----
Axes           | 2 3 |  3.2
Armour         | 3 |  3.1
Shields        | 3 |  3.2
Polearms       | 1 2 |  2.5
Fighting       | |  3.8
Dodging        | |  0.4

Action                     |  1- 3 |  4- 6 || total
---------------------------+-------+-------++-------
  Melee: War axe           |   119 |     6 ||   125
         Trident           |       |    41 ||    41
  Throw: Dart              |     1 |       ||     1
    Use: Potion            |       |     3 ||     3
 Armour: Scale mail        |    13 |       ||    13
         Plate armour      |    40 |    20 ||    60
  Dodge: Dodged            |    37 |       ||    37
  Block: Buckler           |    63 |       ||    63
         Reflection        |     3 |       ||     3
         Tower shield      |     5 |    52 ||    57

Table legend: (Time is in decaauts)
 A = Elapsed time spent in this place.
 B = Non-inter-level travel time spent in this place.
 C = Inter-level travel time spent in this place.
 D = Time resting spent in this place.
 E = Time spent auto-exploring this place.
 F = Levels seen in this place.
 G = Mean time per level.
                   A        B        C        D        E       F      G
               +--------+--------+--------+--------+--------+-----+--------+
         Total |   2520 |   2432 |     88 |    100 |   1415 |   4 |  630.0 |
       Dungeon |   2520 |   2432 |     88 |    100 |   1415 |   4 |  630.0 |
               +--------+--------+--------+--------+--------+-----+--------+

Top non-repeatable levels by time:
     D:3: 831 daAuts
     D:2: 798 daAuts
     D:1: 742 daAuts
     D:4: 147 daAuts
